 Dungeon Crawl Stone Soup version bcrawl-1.37.2 (webtiles) character file.

Game seed: 7134782915821042694

204627 Leeroy the Carver (level 8, -1/55 HPs)
             Began as a Vampire Skald on Feb 11, 2023.
             Slain by a sky beast (5 damage)
             ... on level 6 of the Dungeon.
             The game lasted 00:16:47 (5709 turns).

Leeroy the Carver (Vampire Skald)                   Turns: 5709, Time: 00:16:48

Health: -1/55      AC:  7    Str: 14    XL:     8   Next: 18%
Magic:  12/12      EV: 13    Int: 13    God:
Gold:   178        SH:  4    Dex: 21    Spells: 8/12 levels left

rFire    . . .     GDR:     32% B - +0 scimitar
rCold    . . .     SeeInvis +   (no shield)
rNeg     + . .     Gourm    .   b - +0 leather armour
rPois    .         Faith    .   (no helmet)
rElec    .         Spirit   .   (no cloak)
rCorr    .         Reflect  .   (no gloves)
MR       .....                  k - +0 pair of boots
Stlth    +++.......             d - amulet of magic regeneration
HPRegen  0.19/turn              m - +6 ring of dexterity
MPRegen  0.31/turn              o - +3 ring of protection

@: lethally poisoned (-1 -> -2)
A: claws 1, fangs 3, see invisible, unbreathing
a: no special abilities


You were on level 6 of the Dungeon.
You were not thirsty.

You visited 2 branches of the dungeon, and saw 7 of its levels.

You collected 262 gold pieces.
You spent 84 gold pieces at shops.

Inventory:

Hand Weapons
 a - a +0 long sword
 B - a +0 scimitar (weapon)
Armour
 b - a +0 leather armour (worn)
 k - a +0 pair of boots (worn)
Jewellery
 d - an amulet of magic regeneration (around neck)
 m - a +6 ring of dexterity (left claw)
 o - a +3 ring of protection (right claw)
 r - an uncursed ring of magical power
 C - an uncursed ring of flight
Scrolls
 c - 2 scrolls of magic mapping
 e - 2 scrolls of fear
 f - 4 scrolls of fog
 g - a scroll of immolation
 n - 4 scrolls of remove curse
 p - 2 scrolls of enchant weapon
 w - 2 scrolls of teleportation {unknown}
 y - a scroll of amnesia {unknown}
 D - 2 scrolls of enchant armour {unknown}
 E - a scroll of blinking {unknown}
Potions
 h - a potion of lignification {unknown}
 l - 2 potions of haste {unknown}
 s - a potion of ambrosia {unknown}
 t - 3 potions of flight {unknown}
 u - a potion of might {unknown}
 v - a potion of resistance {unknown}
 x - 2 potions of brilliance {unknown}
 z - a potion of degeneration {unknown}
 A - a potion of curing {unknown}


   Skills:
 - Level 1.7 Fighting
 + Level 10.5 Long Blades
 - Level 0.8 Armour
 - Level 2.1 Dodging
 + Level 2.7 Spellcasting
 - Level 5.4 Hexes
 - Level 3.2 Charms


You had 8 spell levels left.
You knew the following spells:

 Your Spells              Type           Power        Failure   Level  Hunger
a - Infusion              Chrm           ##......     8%          1    None
b - Spectral Weapon       Hex/Chrm       ##......     14%         3    ####...

Your spell library contained the following spells:

 Spells                   Type           Power        Failure   Level  Hunger
 Song of Slaying          Chrm           ##......     12%         2    ##.....
 Flaming Arrows           Chrm/Fire      #.......     22%         2    ##.....
 Swiftness                Chrm/Air       #.......     22%         2    ##.....
 Flame Tongue             Conj/Fire      #....        28%         1    None
 Inner Flame              Hex/Fire       N/A          28%         3    ####...
 Ozocubu's Armour         Chrm/Ice       #.......     41%         3    ####...
 Regeneration             Chrm/Necr      #.........   41%         3    ####...
 Conjure Flame            Conj/Fire      #.......     65%         3    ####...
 Sticky Flame             Conj/Fire      #.......     96%         4    #####..
 Fireball                 Conj/Fire      #.........   100%        5    #######


Dungeon Overview and Level Annotations

Branches:
Dungeon (6/12)             Temple (1/1) D:4

Altars:
Cheibriados
Dithmenos
Gozag
Hepliaklqana
Kikubaaqudgha
Okawaru
Ru
Sif Muna
Trog
Vehumet
Yredelemnul

Shops:
D:4 (   D:5 (   D:6 (


Innate Abilities, Weirdness & Mutations

You have sharp fingernails.
You have razor-sharp teeth.
You have supernaturally acute eyesight. (SInv)
You can survive without breathing.


Message History

Items here: )))) [[ †† Drink blood from an orc corpse? (ye/n/q) This warm blood tastes delicious!
You feel a lot less thirsty.
You feel sick.
Drink blood from an orc corpse? (ye/n/q) This warm blood tastes delicious!
You feel a lot less thirsty.
Items here: )))) [[ ÷ A sky beast comes into view.
There's nothing here to drain!
You swap places.
You swap places.
Items here: )))) [[ ÷
Okay, then.
You feel sick.
You barely miss the sky beast.
Your spectral weapon misses the sky beast.
The sky beast flickers out of sight for a moment.
The sky beast hits you.
* * * LOW HITPOINT WARNING * * *
The sky beast shocks you.
You die...

###.#.# ##'## *,* ......###
#.# ****,* #.......#
#####.### *,,,,* #.#.###.#
##.......# *,,,,*
#.#.###.###....∩...# *,,,**
#.#.......%..#.....# **,**
#.#####.####.##....# *,*
#.# #.# #.##.Y#.#####****,*
#.#***#.#
#...(@.......,,,,,*
#..,,,..#
#####)#######******
******### #.#
#.#***********
#.#,,,,,,,,,,*
#####.#*,*******,*
#....)#*,*≈s≈≈≈*,*
*****####.....##.#≈S∩≈≈+,*
*,,,,........)...#≈≈≈≈≈*,**


You could see a sky beast (invisible) and a friendly spectral +0 scimitar.

Vanquished Creatures
  An orc warrior (D:6)
  A hornet zombie (D:5)
  An ice beast (D:5)
  An ogre (D:4)
  A phantom (D:4)
  A bullfrog (D:5)
  3 scorpions
  A howler monkey (D:4)
  A crimson imp (D:5)
  A quasit (D:5)
  A jelly (D:6)
  An orc wizard (D:6)
  A hound (D:5)
  4 worker ants
  A killer bee zombie (D:4)
  A hound skeleton (D:4)
  5 adders
  3 oozes
  2 adder zombies
  A worm (D:4)
  3 dart slugs
  8 leopard geckos
  12 orcs
  2 ball pythons (D:1)
  5 bats
  3 giant cockroaches
  10 goblins
  10 hobgoblins
  12 jackals
  9 kobolds
  3 quokkas
  4 frilled lizards
  2 quokka skeletons
  A rat (D:1)
116 creatures vanquished.

Vanquished Creatures (others)
  A spectral weapon (D:6)
1 creature vanquished.

Grand Total: 117 creatures vanquished

Notes
Turn   | Place    | Note
-------+----------+-------------------------------------------
     0 | D:1      | Leeroy the Vampire Skald began the quest for the Orb.
     0 | D:1      | Reached XP level 1. HP: 16/16 MP: 3/3
    38 | D:1      | Reached skill level 3 in Long Blades
   118 | D:1      | Reached XP level 2. HP: 22/22 MP: 5/5
   293 | D:1      | Reached skill level 4 in Long Blades
   490 | D:1      | Reached XP level 3. HP: 25/27 MP: 6/6
  1328 | D:2      | Reached skill level 5 in Long Blades
  1497 | D:2      | Reached XP level 4. HP: 33/33 MP: 7/7
  1514 | D:2      | Learned a level 3 spell: Spectral Weapon
  1658 | D:2      | Found a faded altar of an unknown god.
  2115 | D:3      | Reached skill level 1 in Hexes
  2512 | D:3      | Found an iron altar of Okawaru.
  2522 | D:3      | Found a sacrificial altar of Ru.
  2527 | D:3      | Found a bloodstained altar of Trog.
  3058 | D:4      | Found a staircase to the Ecumenical Temple.
  3068 | Temple   | Entered the Ecumenical Temple
  3209 | D:4      | Reached XP level 5. HP: 22/38 MP: 8/8
  3254 | D:4      | Reached skill level 5 in Hexes
  3524 | D:4      | Noticed an ogre
  3531 | D:4      | Killed an ogre
  3532 | D:4      | Reached skill level 6 in Long Blades
  3532 | D:4      | Reached XP level 6. HP: 43/44 MP: 6/9
  3761 | D:4      | Found Burummah's Antique Weapon Shop.
  3786 | D:4      | Reached skill level 7 in Long Blades
  4016 | D:4      | Bought a scimitar for 84 gold pieces
  4186 | D:4      | Reached XP level 7. HP: 18/49 MP: 10/10
  4188 | D:5      | Entered Level 5 of the Dungeon
  4531 | D:5      | Reached skill level 8 in Long Blades
  4993 | D:5      | Reached skill level 9 in Long Blades
  5174 | D:5      | Found Louloorosy's Weapon Shoppe.
  5617 | D:6      | Reached skill level 10 in Long Blades
  5617 | D:6      | Reached XP level 8. HP: 53/55 MP: 8/11
  5620 | D:6      | Found Neuxuiw's Weapon Shop.
  5631 | D:6      | Found a hazy altar of Hepliaklqana.
  5709 | D:6      | Slain by a sky beast

Skill      XL: |  1  2  3  4  5  6  7 |
---------------+----------------------+-----
Long Blades    | 3 4 5 6 7 10 | 10.5
Hexes          | 4 5 |  5.4
Fighting       | |  1.7
Armour         | |  0.8
Dodging        | |  2.1
Spellcasting   | |  2.7
Charms         | |  3.2

Action                   |  1- 3 |  4- 6 |  7- 9 || total
-------------------------+-------+-------+-------++-------
Melee: Long sword        |   117 |   152 |       ||   269
       Bite              |    16 |    16 |    11 ||    43
       Scimitar          |       |    13 |    94 ||   107
 Cast: Spectral Weapon   |       |     3 |     5 ||     8
  Use: Scroll            |       |     5 |     2 ||     7
       Potion            |       |       |     5 ||     5
 Stab: Sleeping          |     9 |    13 |     7 ||    29
  Eat: Corpse            |     2 |     7 |     4 ||    13
Armor: Leather armour    |    52 |    50 |    20 ||   122
Dodge: Dodged            |   114 |    98 |    48 ||   260
Block: Other             |    11 |    14 |    15 ||    40
